 Dungeon Crawl Stone Soup version 0.18-a0-1760-gbb863503 (webtiles) character file.

9775 ymln2 the Severer (level 11, -2/73 HPs)
             Began as a Minotaur Berserker on Apr 12, 2016.
             Was a High Priest of Trog.
             Slain by a wight
             ... wielding a cursed +1 dagger of electrocution
              (9 damage)
             ... on level 11 of the Dungeon on Apr 13, 2016.
             The game lasted 00:46:30 (8870 turns).

ymln2 the Severer (Minotaur Berserker)              Turns: 8870, Time: 00:46:30

Health: -2/73      AC: 17    Str: 21      XL:     11   Next: 27%
Magic:  10/10      EV:  8    Int:  4      God:    Trog [*****.]
Gold:   790        SH:  0    Dex: 13 (14) Spells: 0 memorised, 10 levels left

rFire  . . .     SeeInvis .     a - +1 hand axe (venom)
rCold  . . .     Gourm    .     R - +0 plate armour
rNeg   . . .     Faith    .     (no shield)
rPois  .         Spirit   .     (helmet restricted)
rElec  .         Dismiss  .     e - +0 cloak
rCorr  .         Reflect  .     m - +0 pair of gloves
SustAt .         Harm     .     (no boots)
MR     .....                    n - amulet of regeneration
Stlth  ..........               (no ring)
                                U - +2 ring of dexterity

@: drained, not resistant to hostile enchantments, extremely unstealthy
A: retaliatory headbutt, horns 2, clumsy 1, deterioration 1, frail 1, MP-powered
wands
a: Berserk, Trog's Hand, Brothers in Arms, Burn Spellbooks, Renounce Religion


You were on level 11 of the Dungeon.
You worshipped Trog.
Trog was extremely pleased with you.
You were very hungry.

You visited 1 branch of the dungeon, and saw 11 of its levels.

You collected 790 gold pieces.

Inventory:

Hand Weapons
 a - a +1 hand axe of venom (weapon)
 X - a +0 war axe
Missiles
 k - 391 stones (quivered)
 p - 3 javelins
 w - 4 silver tomahawks
 H - 6 tomahawks
 Y - a throwing net
Armour
 e - a +0 cloak (worn)
 m - a +0 pair of gloves (worn)
 R - a +0 plate armour (worn)
Rods
 b - a +0 iron rod (4/13)
   (You found it on level 9 of the Dungeon)
 W - a +0 rod of ignition (13/13)
   (You found it on level 7 of the Dungeon)
Jewellery
 n - an amulet of regeneration (around neck)
 D - an uncursed ring of ice
 J - a +5 ring of evasion
 U - a +2 ring of dexterity (left hand)
 V - an uncursed ring of stealth
Wands
 o - a wand of flame (21/48)
 y - a wand of flame (18/48)
 L - a wand of confusion (27/48)
 M - a wand of flame (48/48)
 P - a wand of acid (9/15)
Scrolls
 d - 4 scrolls of immolation
 u - 5 scrolls of teleportation
 A - 3 scrolls of recharging
 C - a scroll of magic mapping
 E - a scroll of fear
 F - 3 scrolls of enchant weapon
 I - a scroll of brand weapon
 T - 3 scrolls of remove curse
Potions
 h - 2 potions of degeneration
 i - a potion of berserk rage {unknown}
 j - 5 potions of curing
 l - a potion of experience {unknown}
 q - a potion of magic
 t - 3 potions of ambrosia
 B - a potion of resistance {unknown}
 G - a potion of flight
 K - a potion of heal wounds {unknown}
 N - a potion of brilliance {unknown}
 O - a potion of mutation {unknown}
 S - 2 potions of lignification
Miscellaneous
 Q - a phial of floods
Comestibles
 c - 7 bread rations
 f - 2 slices of pizza
 g - 6 meat rations
 r - 2 royal jellies
 v - 13 fruits
 z - 10 beef jerkies


   Skills:
 - Level 3.6(3.0) Fighting
 - Level 17.1(16.3) Axes
 - Level 10.4(9.7) Armour
 + Level 4.3(3.8) Dodging


You had 10 spell levels left.
You didn't know any spells.

Dungeon Overview and Level Annotations

Branches:
Dungeon (11/15)            Temple (0/1) D:6            Lair (0/8) D:10
    Orc (0/2) D:10

Altars:
Ashenzari
Kikubaaqudgha
Makhleb
Okawaru
Sif Muna
Trog
Vehumet
Xom
Yredelemnul
Zin
The Shining One

Shops:
D:9 %


Innate Abilities, Weirdness & Mutations

You reflexively headbutt those who attack you in melee.
You have a pair of horns on your head.
You are clumsy. (Dex -2)
Your body sometimes deteriorates upon taking damage.
You are frail (-10% HP).
You expend magic power (3 MP) to strengthen your wands.


Message History

an enchanted halberd; a robe You hit the wight but do no damage.
The wight hits you but does no damage.
You are electrocuted!
* * * LOW HITPOINT WARNING * * *
Your body deteriorates!
You feel clumsy.
You barely miss the wight.
The gnoll hits you from afar with a spear.
* * * LOW HITPOINT WARNING * * *
The wight barely misses you.
You closely miss the wight. Your headbutt misses the wight.
You are no longer corroded.
You hit the wight but do no damage. The gnoll hits you but does no damage.
The wight hits you but does no damage.
You are electrocuted!
* * * LOW HITPOINT WARNING * * *
Drink which item? (? for menu, Esc to quit)
You feel better.
The gnoll hits you from afar with a spear.
* * * LOW HITPOINT WARNING * * *
The wight hits you but does no damage.
You are electrocuted!
You die...

#..# #####..####.#
. #..# #..# #.#
..#####..#######..#
#.#
..................#
#..
..................#
#..
........########..#
#.. #.# #..# #..
#.# #..# #.# #@#
#..# #z########..#
#g...g).))..#
#.########..# #.#
#..# #.# #.)# ..#
#..# ..# #..# #..#
###..#


You could see a wight and a gnoll.

Vanquished Creatures
  Erica (D:10)
  The ghost of Gottschkopf the Grappler, a novice DrTm of Makhleb (D:6)
  2 unseen horrors
  2 hill giants (D:10)
  A deep elf mage (D:10)
  Grinder (D:3)
  2 two-headed ogres
  Sigmund (D:3)
  6 yaks (D:10)
  2 hippogriffs
  Grum (D:10)
  The ghost of MrRokkomies the Cutter, an amateur KoAK of Lugonu (D:3)
  An orc warrior (D:10)
  4 sky beasts
  3 ice beasts
  3 phantoms
  3 wolves (D:10)
  4 ogres
  2 crocodiles (D:10)
  2 giant frogs (D:10)
  A gnoll sergeant (D:11)
  2 scorpions
  5 killer bees (D:8)
  5 wights
  3 howler monkeys
  2 crimson imps
  A giant frog zombie (D:7)
  6 hounds
  2 centaur skeletons
  A gnoll shaman (D:10)
  2 giant frog skeletons
  5 orc priests
  3 jellies
  9 orc wizards
  Ijyb (D:3)
  3 iguanas
  7 worker ants
  4 worker ant zombies
  Robin (D:3)
  12 gnolls
  4 adders
  3 river rats (D:10)
  A shadow imp (D:6)
  An ooze (D:1)
  An adder skeleton (D:9)
  5 worms
  A dart slug (D:3)
  9 giant geckos
  37 orcs
  5 giant cockroaches
  9 hobgoblins
  5 jackals
  3 kobolds
  5 quokkas
  A ball python (D:6)
  A ball python skeleton (D:4)
  20 bats
  3 giant gecko skeletons
  5 giant newts
  24 goblins
  2 quokka zombies
  21 rats
  4 fungi (D:10)
  A plant (D:10)
289 creatures vanquished.

Vanquished Creatures (others)
  2 fungi (D:10)
2 creatures vanquished.

Grand Total: 291 creatures vanquished

Notes
Turn   | Place    | Note
--------------------------------------------------------------
     0 | D:1      | ymln2 the Minotaur Berserker began the quest for the Orb.
     0 | D:1      | Reached XP level 1. HP: 19/19 MP: 0/0
   100 | D:1      | Reached skill level 4 in Axes
   421 | D:1      | Reached XP level 2. HP: 26/26 MP: 1/1
   743 | D:2      | Reached skill level 5 in Axes
   959 | D:2      | Reached XP level 3. HP: 29/31 MP: 2/2
  1251 | D:2      | Reached ** piety under Trog
  1533 | D:2      | Found an iron altar of Okawaru.
  1572 | D:2      | Found a shattered altar of Ashenzari.
  1656 | D:3      | Reached XP level 4. HP: 27/39 MP: 3/3
  1656 | D:3      | Reached skill level 6 in Axes
  1695 | D:3      | Noticed Sigmund
  1710 | D:3      | Reached XP level 5. HP: 45/45 MP: 4/4
  1714 | D:3      | Killed Sigmund
  1714 | D:3      | Reached skill level 8 in Axes
  1714 | D:3      | Reached XP level 6. HP: 51/51 MP: 5/5
  1746 | D:3      | Noticed MrRokkomies's ghost (amateur KoAK)
  1772 | D:3      | Killed MrRokkomies's ghost
  1772 | D:3      | Reached skill level 9 in Axes
  1839 | D:3      | Noticed Robin
  1862 | D:3      | Killed Robin
  1872 | D:3      | Reached *** piety under Trog
  2062 | D:3      | Noticed Grinder
  2067 | D:3      | Paralysed by Grinder for 3 turns
  2085 | D:3      | Paralysed by Grinder for 7 turns
  2100 | D:3      | Killed Grinder
  2100 | D:3      | Reached skill level 10 in Axes
  2100 | D:3      | Reached XP level 7. HP: 47/57 MP: 6/6
  2479 | D:3      | Noticed Ijyb
  2494 | D:3      | Killed Ijyb
  2538 | D:4      | Found a radiant altar of Vehumet.
  2637 | D:4      | Reached skill level 11 in Axes
  2719 | D:4      | Found a shimmering altar of Xom.
  2868 | D:4      | Reached **** piety under Trog
  2868 | D:4      | Reached XP level 8. HP: 64/64 MP: 7/7
  3480 | D:5      | Entered Level 5 of the Dungeon
  3508 | D:5      | Found a basalt altar of Yredelemnul.
  3666 | D:5      | Reached skill level 12 in Axes
  3975 | D:5      | Got a brightly glowing ring mail
  3986 | D:5      | Identified the +0 ring mail of Hobeovec {rN+} (You found it on level 5 of the Dungeon)
  4142 | D:5      | Found a glowing golden altar of the Shining One.
  4151 | D:5      | Noticed an angel
  4320 | D:6      | Found a staircase to the Ecumenical Temple.
  4352 | D:6      | Found a burning altar of Makhleb.
  4356 | D:6      | Noticed Gottschkopf's ghost (novice DrTm)
  4380 | D:6      | Killed Gottschkopf's ghost
  4380 | D:6      | Reached skill level 13 in Axes
  4380 | D:6      | Reached XP level 9. HP: 70/70 MP: 8/8
  4387 | D:6      | Reached skill level 14 in Axes
  4806 | D:6      | You fall through a shaft!
  4899 | D:7      | Reached skill level 5 in Armour
  5493 | D:7      | Found a deep blue altar of Sif Muna.
  5822 | D:8      | Identified a +0 rod of ignition (13/13) (You found it on level 7 of the Dungeon)
  5907 | D:7      | Identified Sif Muna's Guide on Cankerous Feathers (You found it on level 7 of the Dungeon)
  6189 | D:8      | Noticed a moth of wrath
  6192 | D:8      | Found a bloodstained altar of Trog.
  6607 | D:8      | Killed an unseen horror
  6607 | D:8      | Reached skill level 10 in Armour
  6607 | D:8      | Reached XP level 10. HP: 64/77 MP: 9/9
  6886 | D:9      | Found a glowing silver altar of Zin.
  7048 | D:9      | Found Qiphimm's Food Emporium.
  7236 | D:10     | Entered Level 10 of the Dungeon
  7257 | D:10     | Reached ***** piety under Trog
  7311 | D:10     | Noticed a deep elf mage
  7344 | D:10     | Noticed Erica
  7355 | D:10     | Killed Erica
  7355 | D:10     | Reached skill level 15 in Axes
  7360 | D:10     | Found a staircase to the Orcish Mines.
  7538 | D:10     | Killed a deep elf mage
  7640 | D:10     | Killed an unseen horror
  7734 | D:10     | Gained mutation: You expend magic power (3 MP) to strengthen your wands. [mutagenic meat]
  7735 | D:10     | Gained mutation: You are clumsy. (Dex -2) [mutagenic meat]
  7736 | D:10     | Gained mutation: You are frail (-10% HP). [mutagenic meat]
  7737 | D:10     | Gained mutation: Your body sometimes deteriorates upon taking damage. [mutagenic meat]
  7769 | D:10     | Reached skill level 16 in Axes
  7777 | D:10     | Noticed a hill giant
  7784 | D:10     | Killed a hill giant
  7809 | D:10     | Upgraded the game from 0.18-a0-1745-gffa9a88 to 0.18-a0-1760-gbb863503
  7833 | D:10     | Received a gift from Trog
  7916 | D:10     | Found a staircase to the Lair.
  8258 | D:10     | Noticed a hill giant
  8263 | D:10     | Killed a hill giant
  8263 | D:10     | Reached XP level 11. HP: 73/73 MP: 10/10
  8283 | D:10     | Reached skill level 17 in Axes
  8338 | D:10     | Noticed Grum
  8355 | D:10     | Killed Grum
  8483 | D:10     | Found an ancient bone altar of Kikubaaqudgha.
  8869 | D:11     | HP: 3/73 [wight/dagger of electrocution (12)]
  8870 | D:11     | Slain by a wight

Vault maps used:
D:1:      lemuel_arrival_room, minmay_misc_feat_four_crosses
D:2:      marbit_many_paths, kennysheep_okawaru_gauntlet
D:3:      kennysheep_goblin_castle, uniq_grinder, uniq_robin, uniq_sigmund
D:4:      vehumet_altar_wand_db, old_standard_altar, first_bread
D:5:      grunt_temple_overflow_holy_war
D:6:      overflow_temple_1_default, minmay_temple_entry_trees
D:7:      led_sif_book, grunt_ogre_cave
D:8:      tgw_trog
D:9:      old_standard_altar, serial_shops, kennysheep_mini
D:10:     grunt_lair_entry_orc_guard_hut, basic_altar, st_stairs_13,
          hangedman_decor_growths, uniq_grum, uniq_erica
D:11:     bh_walls_and_bars

Skill      XL: |  1  2  3  4  5  6  7  8  9 10 11 |
---------------+----------------------------------+-----
Axes           | 4 5 6 8 10 11 13 14 16 17 | 17.1
Armour         | 10 | 10.4
Dodging        | 4 |  4.3
Fighting       | |  3.6

Action                   |  1- 3 |  4- 6 |  7- 9 | 10-12 || total
-------------------------+-------+-------+-------+-------++-------
Melee: Hand axe          |    79 |    96 |   389 |    72 ||   636
       War axe           |       |       |       |   229 ||   229
       Headbutt          |       |       |       |    38 ||    38
Throw: Stone             |       |       |     8 |       ||     8
Invok: Berserk           |       |     3 |     6 |     7 ||    16
       Trog's Hand       |       |     2 |     2 |     4 ||     8
       Brothers in Arms  |       |       |     1 |     1 ||     2
Evoke: Whip              |       |       |       |     2 ||     2
  Use: Scroll            |       |       |    22 |     7 ||    29
       Potion            |       |       |     2 |     4 ||     6
  Eat: Chunk             |     2 |     5 |    20 |    11 ||    38
       Bread ration      |       |       |     1 |     1 ||     2
Armor: Plate armour      |       |       |       |    90 ||    90
Dodge: Dodged            |       |       |       |    59 ||    59
